Cogmind - Beta 10.2 @@@ ROGUE MODE // 2021.12.16 @ 10:25:31 Player: NM-Z Result: Destroyed by D-53 Grenadier with Mini Grenade Launcher Performance ------------- Evolutions (0) 0 Regions Visited (2) 400 Robots Destroyed (20) 100 Value Destroyed (406) 406 Prototype IDs (0) 0 Alien Tech Used (0) 0 Bonus (0) 0 TOTAL SCORE: 906 Bonus ------- None Cogmind --------- Core Integrity 0/250 Matter 295/300 Energy 125/125 System Corruption 0% Temperature Cool (43) Movement Treading (220) Ox3 Location -10/Mines Parts ------- > --- POWER (1) -------- Light Ion Engine > --- PROPULSION (2) --- Light Treads > --- UTILITY (2) ------ High-capacity Storage Unit High-capacity Storage Unit > --- WEAPON (2) ------- Medium Laser > --- INVENTORY (20) --- Light Nuclear Core Large Storage Unit Large Storage Unit Large Battery (300) Medium Matter Pod (100) Improved Terrain Scanner Improved Terrain Scanner Medium Armor Plating Medium Armor Plating Medium Armor Plating Medium Armor Plating Grenade Launcher Grenade Launcher Grenade Launcher Grenade Launcher Grenade Launcher Hammer Peak State ------------ > --- POWER ------------ Ion Engine > --- PROPULSION ------- Light Treads Wheel > --- UTILITY ---------- High-capacity Storage Unit High-capacity Storage Unit > --- WEAPON ----------- EM Pulse Gun Hammer > --- INVENTORY -------- Light Ion Engine Light Nuclear Core Light Treads Medium Storage Unit Medium Storage Unit Large Storage Unit Large Storage Unit Large Battery Medium Matter Pod Light Armor Plating EM Pulse Gun Medium Laser Grenade Launcher Grenade Launcher Grenade Launcher Grenade Launcher Grenade Launcher Grenade Launcher [Rating: 9] Favorites ----------- Power Ion Engine Engine Ion Engine Propulsion Light Treads Treads Light Treads Wheel Wheel Utility High-capacity Storage Unit Storage High-capacity Storage Unit Weapon EM Pulse Gun Energy Gun EM Pulse Gun Launcher Grenade Launcher Impact Weapon Hammer Build | -11 -10 -10 ------- Run | Scr Mat Min Slots Evolved . | . . . Power . | . . . Propulsion . | . . . Utility . | . . . Weapon . | . . . Parts Attached 26 | 6 15 5 Power 3 | 1 1 1 Engine 3 | 1 1 1 Core . | . . . Reactor . | . . . Propulsion 6 | 2 3 1 Treads 5 | 2 2 1 Leg . | . . . Wheel 1 | . 1 . Hover . | . . . Flight . | . . . Utility 5 | 1 4 . Device . | . . . Storage 5 | 1 4 . Processor . | . . . Hackware . | . . . Protection . | . . . Artifact . | . . . Weapon 12 | 2 7 3 Energy Gun 6 | 2 2 2 Energy Cannon . | . . . Ballistic Gun . | . . . Ballistic Cannon . | . . . Launcher 3 | . 2 1 Special Weapon . | . . . Impact Weapon 3 | . 3 . Slashing Weapon . | . . . Piercing Weapon . | . . . Special Melee Weapon . | . . . Unidentified Prototypes . | . . . Parts Lost 6 | . 1 5 Power 1 | . . 1 Propulsion 3 | . 1 2 Utility . | . . . Weapon 2 | . . 2 Highest Loss Streak 2 | . 1 2 Average Slot Usage (%) 94 | . 95 87 Engine 13 | . 13 11 Treads 21 | . 21 20 Wheel 3 | . 3 1 Storage 27 | . 27 28 Energy Gun 17 | . 17 14 Launcher 1 | . 1 6 Impact Weapon 8 | . 9 3 Naked Turns . | . . . Heaviest Build 74 | 13 74 73 Greatest Support 40 | 40 40 40 Greatest Overweight (x) 7 | . 7 7 Average Overweight (x) 2 | . 3 2 Largest Inventory Capacity 20 | 6 20 20 Average Capacity 16 | 5 17 20 Most Carried 20 | 2 20 20 Average Carried 12 | 1 12 17 Final Capacity 20 | 6 20 20 Final Carried 20 | 2 20 17 Class Distribution -------------------- 52% | Mutant 47% | Hauler-Mutant Dominant Class ---------------- Mutant | -10/Materials Hauler-Mutant | -10/Mines Resources | -11 -10 -10 ----------- Run | Scr Mat Min Matter Collected 605 | 245 310 50 Remotely . | . . . Salvage Created 572 | 30 473 69 Parts 30 | 3 27 . Haulers Intercepted 1 | . 1 . Recyclers Shooed 1 | . 1 . Parts Field Recycled . | . . . Retrieved Matter . | . . . Parts Self-Destructed . | . . . Prevented . | . . . Kills | -11 -10 -10 ------- Run | Scr Mat Min Combat Hostiles Destroyed 16 | . 12 4 Melee 4 | . 4 . Guns 5 | . 1 4 AOE 6 | . 6 . Classes Destroyed 9 | 1 7 1 Worker 2 | . 2 . Tunneler 1 | 1 . . Hauler 1 | . 1 . Recycler 1 | . 1 . Operator 1 | . 1 . Watcher 2 | . 2 . Swarmer 5 | . 5 . Grunt 7 | . 7 . Assembled 4 | . . 4 Best Kill Streak 7 | 1 7 4 Combat Bots Only 5 | . 5 4 Max Kills in Single Turn 3 | 1 3 1 Gunslinging . | . . . Exploded 2 | . 2 . Melee 1 | . 1 . Uniques/NPCs Destroyed . | . . . Combat | -11 -10 -10 -------- Run | Scr Mat Min Damage Taken 1113 | . 530 583 Core 261 | . 54 207 Absorbed by Shields . | . . . Core Remaining (%) 100 | 100 . . Volleys Fired 29 | 2 9 18 Largest 2 | 2 2 2 Hottest 90 | 90 80 90 Shots Fired 43 | 4 15 24 Gun 36 | 4 9 23 Cannon . | . . . Launcher 7 | . 6 1 Special . | . . . Kinetic . | . . . Thermal 12 | 2 . 10 Explosive 7 | . 6 1 Electromagnetic 24 | 2 9 13 Robot Hit Streak 5 | 1 4 5 Robot Miss Streak 6 | 2 3 6 Penetration Max . | . . . Secondary Targets . | . . . Shots Hit Robots 53 | 1 40 12 Core Hits 29 | 1 20 8 Critical Hits . | . . . Critical Kills . | . . . Critical Parts Destroyed . | . . . Melee Attacks 45 | . 43 2 Impact 45 | . 43 2 Slashing . | . . . Piercing . | . . . Sneak Attacks 6 | . 6 . Combat Hostiles . | . . . Follow-up Attacks . | . . . Damage Inflicted 1600 | 13 1450 137 Guns 234 | 13 95 126 Cannons . | . . . Explosions 548 | . 537 11 Melee 818 | . 818 . Ramming . | . . . Kinetic . | . . . Thermal 154 | . 115 39 Explosive 433 | . 422 11 Electromagnetic 195 | 13 95 87 Impact 818 | . 818 . Slashing . | . . . Piercing . | . . . Highest Corruption . | . . . Average Corruption . | . . . Corruption Purged . | . . . Overload Shots . | . . . Overflow Damage 176 | . 176 . Projectiles . | . . . Explosions 37 | . 37 . Melee 139 | . 139 . Knockbacks 4 | . 4 . Impact 3 | . 3 . Kinetic . | . . . Secondary 1 | . 1 . Self-Inflicted Damage 123 | . 123 . Shots 2 | . 2 . Rammed . | . . . Targets Rammed . | . . . Kicked . | . . . Crushed . | . . . Highest Temperature 96 | 60 39 96 Average Temperature 32 | 30 20 38 Received Heat Transfer 257 | . 132 125 Siege Activations . | . . . Robots Corrupted . | . . . Combat Hostiles . | . . . Parts Fried 2 | . 2 . Impact Corruptions 8 | . 8 . Robots Melted . | . . . Combat Hostiles . | . . . Parts Melted . | . . . Heat Transferred 211 | . 100 111 Parts Sabotaged . | . . . Parts Stolen . | . . . Parts Stripped . | . . . Power Chain Reactions 1 | . 1 . Missiles Intercepted . | . . . Alert | -11 -10 -10 ------- Run | Scr Mat Min Peak Influence 291 | 5 291 99 Initial 99 | . 3 99 Average 112 | 1 126 67 Maximum Alert Level 1 | . 1 . Low Security (%) 79 | 100 75 100 Level 1 20 | . 24 . Level 2 . | . . . Level 3 . | . . . Level 4 . | . . . Level 5 . | . . . High Security . | . . . Max Security . | . . . Squads Dispatched 5 | . 5 . Investigation 4 | . 4 . Extermination . | . . . Reinforcement 1 | . 1 . Assault . | . . . Garrison . | . . . Intercept . | . . . Construction Impeded . | . . . Haulers Reinforced . | . . . Stealth | -11 -10 -10 --------- Run | Scr Mat Min Distress Signals 2 | . 2 . Communications Jammed . | . . . Distress Signals . | . . . Times Spotted 33 | . 25 8 Peak Tracking Total 9 | . 9 6 Tactical Retreats 2 | . 2 . Traps | -11 -10 -10 ------- Run | Scr Mat Min Traps Triggered 1 | . 1 . Indirectly . | . . . Trap Hack Attempts . | . . . Triggered . | . . . Disarmed . | . . . Reprogrammed . | . . . Reused . | . . . Traps Extracted . | . . . Installed . | . . . Triggered . | . . . Machines | -11 -10 -10 ---------- Run | Scr Mat Min Machines Disabled 4 | . 4 . Max in Single Turn 2 | . 2 . Machines Sabotaged . | . . . Garrisons Compromised . | . . . Overloaded Fab Kills . | . . . Fab Network Shutdowns . | . . . Hacking | -11 -10 -10 --------- Run | Scr Mat Min Machines Accessed 9 | . 9 . Terminals 6 | . 6 . Fabricators . | . . . Repair Stations 1 | . 1 . Recycling Units 2 | . 2 . Scanalyzers . | . . . Garrison Access . | . . . Total Hacks 24 | . 24 . Successful 14 | . 14 . Failed 10 | . 10 . Catastrophic 1 | . 1 . Database Lockouts . | . . . Manual 12 | . 12 . Terminals 12 | . 12 . Fabricators . | . . . Repair Stations 10 | . 10 . Recycling Units 2 | . 2 . Scanalyzers . | . . . Garrison Access . | . . . Terminal Hacks 4 | . 4 . Robot Analysis 3 | . 3 . Terminal Index 1 | . 1 . Fabricator Hacks . | . . . Repair Station Hacks 8 | . 8 . Scan Component 4 | . 4 . Repair 4 | . 4 . Recycling Unit Hacks . | . . . Scanalyzer . | . . . Garrison Access Hacks . | . . . Unauthorized Hacks 2 | . 2 . Terminals . | . . . Fabricators . | . . . Repair Stations . | . . . Recycling Units 2 | . 2 . Tunnel 2 | . 2 . Scanalyzers . | . . . Garrison Access . | . . . Data Cores Recovered . | . . . Used . | . . . Hacking Detections 6 | . 6 . Full Trace Events 1 | . 1 . Feedback Events . | . . . Feedback Blocked . | . . . Robot Schematics Acquired . | . . . Robots Built . | . . . Matter . | . . . Time . | . . . Total Robot Build Rating . | . . . Part Schematics Acquired . | . . . Parts Built . | . . . Matter . | . . . Time . | . . . Total Part Build Rating . | . . . Parts Repaired 4 | . 4 . Time 104 | . 104 . Parts Recycled . | . . . Recycled Matter . | . . . Retrieved Matter . | . . . Retrieved Components . | . . . Parts Scanalyzed . | . . . Part Schematics Acquired . | . . . Parts Damaged . | . . . Bothacking | -11 -10 -10 ------------ Run | Scr Mat Min Used RIF Installer . | . . . Robots Hacked . | . . . Non-combat . | . . . Combat . | . . . Robot Hacks Applied . | . . . Relay Couplers Released . | . . . Robots Rewired . | . . . Allies Hacked . | . . . Hacks Repelled . | . . . Allies | -11 -10 -10 -------- Run | Scr Mat Min Total Allies . | . . . Largest Group . | . . . Highest-Rated Group . | . . . Highest-Rated Ally . | . . . Total Orders . | . . . Ally Attacks . | . . . Total Damage . | . . . Kills . | . . . Allies Corrupted . | . . . Allies Melted . | . . . Intel | -11 -10 -10 ------- Run | Scr Mat Min Robot Analysis Total 3 | . 3 . Derelict Logs Recovered . | . . . Drone Launches . | . . . Drone Recoveries . | . . . Exploration | -11 -10 -10 ------------- Run | Scr Mat Min Turns Passed 1776 | 120 1498 158 Spaces Moved 775 | 68 656 51 Core 5 | 5 . . Treads 543 | 63 440 40 Legs . | . . . Wheels 227 | . 216 11 Hover . | . . . Flight . | . . . Fastest Speed 50 | 50 150 140 Average Speed 173 | 151 174 181 Slowest Speed 220 | 160 220 220 Overloaded Moves . | . . . Propulsion Burnouts . | . . . Robots Hopped . | . . . Cave-ins Triggered . | . . . Exploration Rate (%) 37 | 5 91 17 Regions Visited 2 Branch Regions 1 Pre-discovered Areas 2 | . 2 . Known Exits Taken . | . . . Unknown Exits Taken 2 | 1 1 . Scrap Searched . | . . . Spaces Dug 7 | . 5 2 Terrain Destroyed 76 | . 70 6 Melee 7 | . 5 2 Projectile . | . . . AOE 69 | . 65 4 Terrain Rammed . | . . . Walls Destroyed . | . . . Machines Disabled . | . . . Actions | -11 -10 -10 --------- Run | Scr Mat Min Total 1095 | 79 926 90 Wait 187 | . 174 13 Move 773 | 67 655 51 Hop . | . . . Pick Up 28 | 4 24 . Fast Attach 8 | 4 4 . Attach 8 | 2 2 4 Detach 1 | . . 1 Swap 10 | . 9 1 Drop 6 | . 6 . Fire 29 | 2 9 18 Melee 45 | . 43 2 Ram . | . . . Kick . | . . . Crush . | . . . Escape Stasis . | . . . Rewire . | . . . Trap . | . . . Miscellaneous . | . . . Route ------- -11/Scrapyard -10/Materials (discovered 5 exits: [*Mat x3] / [*Min x2]) -10/Mines History --------- Turn | Location | Event 4 | -11/Scrapyard | Discovered new exit (range 15) 121 | -11/Scrapyard | Entered Materials 244 | -10/Materials | Discovered new exit (range 14) 304 | -10/Materials | Build established: Mutant 335 | -10/Materials | Discovered new exit (range 9) 590 | -10/Materials | Discovered new exit (range 11) 729 | -10/Materials | Repaired Lgt. Treads 757 | -10/Materials | Repaired Lgt. Treads 784 | -10/Materials | Repaired EM Pulse Gun 812 | -10/Materials | Repaired Ion Engine 865 | -10/Materials | Discovered new exit (range 5) 1191 | -10/Materials | Discovered new exit (range 3) 1248 | -10/Materials | Build established: Hauler-Mutant 1619 | -10/Materials | Entered Mines 1620 | -10/Mines | Assembled infested the area 1645 | -10/Mines | Core integrity fell below 50% 1680 | -10/Mines | Core integrity fell below 20% 1777 | -10/Mines | Destroyed by D-53 Grenadier with Mini Grenade Launcher Last Messages --------------- 01656_ Acquired 10 matter. 01666_ as-49990 destroyed. 01669_ EM Pulse Gun destroyed. 01671_ Acquired 10 matter. 01671_ EM Pulse Gun destroyed. 01682_ as-02659 destroyed. 01686_ The unstable cave ceiling collapses. 01686_ 8 Matter crushed. 01726_ The unstable cave ceiling collapses. 01726_ 14 Matter crushed. 01756_ The unstable cave ceiling collapses. 01760_ Acquired 20 matter. 01761_ U-05 Engineer lays Concrete. 01763_ U-05 Engineer builds a Wall. 01769_ The unstable cave ceiling collapses. 01771_ U-05 Engineer lays Concrete. 01773_ Lgt. Treads destroyed. 01773_ U-05 Engineer lays Concrete. 01775_ The unstable cave ceiling collapses. 01776_ U-05 Engineer lays Concrete. Map ----- +----------------------------------------------------+ | | | | | | | | | ?????????????????????????????????????????????????? | | ?????????????????????????????????????????????????? | | ?????????????????????????????????????????????????? | | ?????????????????????????????????????????????????? | | ???????????????????#########?????????????????????? | | ???????????????????# #?????????????????????? | | ????????????????#### #?????????????????????? | | ????????????????# """ ###???????????????????? | | ????????????????# # =%"""%###???????????????????? | | ????????????????# # %""" ###???????????????????? | | ??????????????### # #?????????????????????? | | ?????????????## # #?????????????????????? | | ?????????????# #########?????????????????????? | | ?????????????# ##???????????????????????????? | | ?????? ?????## #???????????????????????????? | | ??? = ## #?####??????????????????????? | | ??? ### ##?????????????????????? | | ?? ###???????????????????? | | ??? ##??????????????????? | | ???# ## % #??????????????????? | | ????# #?## #??????????????????? | | ????## #???## @ #??????????????????? | | ?????# #?????## #?????????????????? | | ????? ???????#< # #????????????????? | | ?????? ?????????# ## #???????????????? | | ????????????????# ### # ?????????????? | | ????????????????## ??#### d ##????????????? | | ?????????????????## ??????# k ????????????? | | ???????????????????#???????# d ???????????? | | ???????????????????????????? ???????????? | | ???????????????????????????? ! = ???????????? | | ????????????????????????????? # %????????????? | | ????????????????????????????? ## ????????????? | | ?????????????????????????????==?u ??????????????? | | ?????????????????????????????? ??????????????????? | | ?????????????????????????????????????????????????? | | ?????????????????????????????????????????????????? | | ?????????????????????????????????????????????????? | | ?????????????????????????????????????????????????? | | ?????????????????????????????????????????????????? | | ?????????????????????????????????????????????????? | | ?????????????????????????????????????????????????? | | ?????????????????????????????????????????????????? | | ?????????????????????????????????????????????????? | | ?????????????????????????????????????????????????? | | ?????????????????????????????????????????????????? | +----------------------------------------------------+ Best States ------------- Heat Dissipation 25 Energy Generation 10 Energy Capacity 250 Matter Stores 300 Matter Capacity 300 Sight Range 16 Terrain Scan Density 10 Evasion (%) 40 Recoil Reduction 2 Item Schematics ----------------- None Robot Schematics ------------------ None Fabricated ------------ Nothing Alien Tech Used ----------------- None Achievements -------------- None Challenges ------------ None Game ------ Seed BackupPortableDiverter Manual? 0 Play Time 00:17:46 Cumulative 149.4 hours Start 2021.12.16 @ 10:10:42 End 2021.12.16 @ 10:25:31 Sessions 1 Manual Loads 0 Difficulty Rogue Special Mode None Game No. 102 Rogue 100 Adventurer 2 Explorer 0 Win Type - Total 1 Types 1/0/0/0/0/0/0/0/0 Lore% 61 Gallery% 68 Achievement% 53 Wizard Run 0 Options --------- ASCII 1 Keyboard 1 Movement Vi Keybinds 0 Fullscreen 1 Font 20/SmallcapsGlow Map View 66x50 Tactical HUD 1 Map Filters NONE Filters NONE Steam 1 RUN: 39a1118e-308c-4369-92ff-8b9690d0e5b9